 Dungeon Crawl Stone Soup version 0.28.0-53-g5a82cb258f (webtiles) character file.

Game seed: 6872188225825237078

97 bnorton916 the Magician (level 4, -1/24 HPs)
             Began as a Deep Elf Fire Elementalist on July 11, 2022.
             Slain by an orc wizard
             ... wielding a +0 dagger
              (3 damage)
             ... on level 2 of the Dungeon.
             The game lasted 00:02:31 (4674 turns).

bnorton916 the Magician (DEFE)                      Turns: 4674, Time: 00:02:31

Health: -1/24      AC:  2    Str:  5    XL:     4   Next: 42%
Magic:  8/12       EV: 12    Int: 22    God:
Gold:   111        SH:  0    Dex: 15    Spells: 10/11 levels left

rFire   . . .      SeeInvis .   (no weapon)
rCold   . . .      Faith    .   (no shield)
rNeg    . . .      Spirit   .   a - +0 robe
rPois   .          Reflect  .   (no helmet)
rElec   .          Harm     .   (no cloak)
rCorr   .          Rampage  .   (no gloves)
Will    .....                   (no boots)
Stlth   ++........              (no amulet)
HPRegen 0.08/turn               (no ring)
MPRegen 0.13/turn               (no ring)

@: no status effects
A: no striking features
a: no special abilities


You were on level 2 of the Dungeon.
You visited 1 branch of the dungeon, and saw 3 of its levels.

You collected 111 gold pieces.

Inventory:

Missiles
 b - 81 stones
 d - 5 poisoned darts
Armour
 a - a +0 robe (worn)
Scrolls
 c - a scroll of teleportation {unknown}
Potions
 e - a potion of curing {unknown}
 f - 2 potions of might {unknown}
 g - a potion of invisibility {unknown}
 h - a potion of degeneration {unknown}


   Skills:
 - Level 2.4 Dodging
 - Level 2.4 Stealth
 + Level 4.4 Spellcasting
 + Level 2.8 Conjurations
 + Level 4.2 Fire Magic


You had 10 spell levels left.
You knew the following spells:

 Your Spells              Type           Power      Damage    Failure   Level
a - Foxfire               Conj/Fire      80%        2x1d8     2%          1

Your spell library contained the following spells:

 Spells                   Type           Power      Damage    Failure   Level
 Scorch                   Fire           46%        2d7       2%          2
 Conjure Flame            Conj/Fire      20%        6-21      8%          3
 Inner Flame              Hex/Fire       14%        N/A       14%         3
 Flame Wave               Conj/Fire      20%        2d7       24%         4
 Gell's Gravitas          Tloc           4%         N/A       32%         3
 Teleport Other           Tloc           4%         N/A       32%         3
 Dispersal                Tloc           2%         N/A       100%        6


Dungeon Overview and Level Annotations

Branches:
Dungeon (3/15)

Altars:

Shops:
D:2 *


Message History

The orc wizard misses you.
Casting: Foxfire (safe; 2% risk of failure)
Confirm with . or Enter, or press ? or * to list all spells.
You conjure some foxfire!
The orc wizard casts a spell at you.
You are confused.
The foxfire hits the orc wizard.
The orc wizard is almost dead.
The orc wizard closely misses you.
Unknown command.
You barely miss your foxfire.
The orc wizard hits you with a +0 dagger.
You're too confused to cast spells.
Unknown command.
You're too confused to cast spells.
Unknown command.
Okay, then.
You miss the orc wizard.
The orc wizard is almost dead.
The orc wizard closely misses you.
You're too confused to cast spells.
You're too confused to cast spells.
You barely miss the orc wizard.
The orc wizard is almost dead.
The orc wizard hits you but does no damage.
You bump into the rock wall.
You feel less confused.
The orc wizard casts a spell.
The orc wizard flickers and vanishes!
Deactivating autopickup; reactivate with Ctrl-A.
You barely miss something. Something hits you.
* * * LOW HITPOINT WARNING * * *
Unknown command.
Something hits you.
* * * LOW HITPOINT WARNING * * *
Unknown command.
Casting: Foxfire (safe; 2% risk of failure)
Confirm with . or Enter, or press ? or * to list all spells.
You conjure some foxfire!
Something hits you.
You die...

#†###.###.# #.#
#.........# ##'##
#####.##### ##...#####
##...### ##.....##..
#.#....## ##.......#.#
##.#....####..........#
####........'...........
#.....v.v####...........
#.###.{@## ##.......###
#.# #.#># ##.....## #.#
#.#.# ##...##
#.###.#.#########'##
#...............#.#
#####.#.#######.#.#
#.#.# #####.#.######
##.#.###............#
#........###.....##..


There were no monsters in sight!

Vanquished Creatures
  2 adders (D:2)
  A worm (D:3)
  7 orcs
  4 endoplasms
  2 giant cockroaches
  4 goblins
  A hobgoblin (D:1)
  8 jackals
  7 kobolds
  6 quokkas
  8 ball pythons
  5 bats
  6 frilled lizards
  3 rats
64 creatures vanquished.

Vanquished Creatures (others)
  319 foxfires
319 creatures vanquished.

Grand Total: 383 creatures vanquished

Notes
Turn   | Place    | Note
-------+----------+-------------------------------------------
     0 | D:1      | bnorton916 the Deep Elf Fire Elementalist began the quest
                  | for the Orb.
     0 | D:1      | Reached XP level 1. HP: 10/10 MP: 6/6
   344 | D:1      | Reached XP level 2. HP: 15/15 MP: 2/8
  1909 | D:1      | Reached XP level 3. HP: 4/19 MP: 5/10
  2700 | D:2      | Found a faded altar of an unknown god.
  3074 | D:2      | Found Kupto's General Store.
  3688 | D:2      | Reached XP level 4. HP: 24/24 MP: 8/12
  4674 | D:2      | Slain by an orc wizard

Illustrated notes

Levels and vault maps discovered:
D:1:      ebering_hopf_link, layout_loops_ring, hangedman_decor_peaks_small
D:2:      layout_loops_corners, nicolae_ecumenical_lake_church, serial_shops,
          nicolae_square_shop, minmay_tree_intersection, minmay_heptomino_d4
D:3:      layout_basic, uniq_robin, uniq_grinder

Skill      XL: |  1  2  3 |
---------------+----------+-----
Conjurations   | 2 |  2.8
Spellcasting   | 4 |  4.4
Fire Magic     | 4 |  4.2
Dodging        | |  2.4
Stealth        | |  2.4

Action                   |  1- 3 |  4- 6 || total
-------------------------+-------+-------++-------
Melee: Unarmed           |       |     4 ||     4
 Cast: Foxfire           |   172 |    39 ||   211
Armor: Robe              |     8 |     1 ||     9
Dodge: Dodged            |    65 |     4 ||    69
